 Dungeon Crawl Stone Soup version 0.30-a0-859-gf88a04b62d (webtiles) character file.

Game seed: 14771007003386208824

26776 Newt the Markskobold (level 13, -3/72 HPs)
             Began as a Kobold Hunter on Mar 7, 2023.
             Was a High Priest of Hepliaklqana.
             Slain by a death yak (6 damage)
             ... while petrified by a catoblepas
             ... on level 4 of the Lair of Beasts.
             The game lasted 00:14:38 (11463 turns).

Newt the Markskobold (Kobold Hunter)               Turns: 11463, Time: 00:14:39

Health: -3/72      AC: 16    Str:  8    XL:     13   Next: 60%
Magic:  20/24      EV:  3    Int: 11    God:    Hepliaklqana [*****.]
Gold:   1025       SH:  0    Dex: 31    Spells: 21/27 levels left

rFire   + + .      SeeInvis .    a - +2 shortbow (flame)
rCold   x . .      Faith    +    (shield currently unavailable)
rNeg    + + +      Spirit   .    j - +4 troll leather armour {Pargi}
rPois   ∞          Reflect  .    (no helmet)
rElec   .          Rampage  .    y - +0 cloak
rCorr   .          NoTele   +    s - +2 pair of gloves of Miracles {-Tele rF+ Dex+6}
Will    .....                    M - +2 pair of boots of Ykovve Zunu {Dex+2}
Stlth   ++++                     F - amulet of faith
HPRegen 1.12/turn                B - ring of wizardry
MPRegen 0.19/turn                k - ring of fire

@: petrified, studying Throwing
A: reduced essence, small, no large weapons, nightstalker 3
a: Renounce Religion, Recall Ancestor, Ancestor Identity, Transference, Idealise


You were on level 4 of the Lair of Beasts.
You worshipped Hepliaklqana.
Hepliaklqana was extremely pleased with you.
You visited 3 branches of the dungeon, and saw 14 of its levels.
You also visited: Sewer.

You collected 1025 gold pieces.

Inventory:

Hand Weapons
 a - a +2 shortbow of flaming (weapon)
Missiles
 I - 3 throwing nets
Armour
 c - a +0 leather armour
 j - a +4 troll leather armour (worn) {Pargi}
 m - the +0 robe "Fequt" {rElec rPois rN+}
   (You found it on level 5 of the Dungeon)

   rElec:     It insulates you from electricity.
   rPois:     It protects you from poison.
   rN:        It protects you from negative energy.
 s - the +2 pair of gloves of Miracles (worn) {-Tele rF+ Dex+6}
   (You acquired it on level 7 of the Dungeon)

   Dex:       It affects your dexterity (+6).
   rF:        It protects you from fire.
   -Tele:     It prevents most forms of teleportation.
 y - a +0 cloak (worn)
 C - the +8 chain mail "Bisty" {Will+}
   (You found it on level 8 of the Dungeon)

   Will:      It increases your willpower.
 G - the +2 robe "Trusted Companion" {Regen+}
   (You found it on level 9 of the Dungeon)

   Regen:     It increases your rate of health regeneration.
 M - the +2 pair of boots of Ykovve Zunu (worn) {Dex+2}
   (You acquired it on level 9 of the Dungeon)

   Dex:       It affects your dexterity (+2).
Jewellery
 d - a ring of resist corrosion
 i - a +4 ring of protection
 k - a ring of fire (right hand)
 p - a ring of wizardry
 v - a ring of willpower
 B - a ring of wizardry (left hand)
 F - an amulet of faith (around neck)
 H - a ring of willpower
Wands
 o - a wand of flame (80)
 D - a wand of paralysis (9)
 E - a wand of quicksilver (10)
 K - a wand of iceblast (10)
 O - a wand of mindburst (10)
Scrolls
 b - 3 scrolls of immolation
 g - 14 scrolls of teleportation
 h - 3 scrolls of magic mapping
 w - a scroll of silence
 x - a scroll of identify
 z - 2 scrolls of poison
 A - 2 scrolls of fog
Potions
 e - 3 potions of heal wounds
 f - 6 potions of curing
 l - 2 potions of brilliance
 n - a potion of invisibility
 q - 3 potions of mutation
 r - 5 potions of resistance
 t - 3 potions of magic
 u - 2 potions of flight
 J - 2 potions of might
Miscellaneous
 L - a phantom mirror


   Skills:
 - Level 9.0 Fighting
 - Level 16.0 Ranged Weapons
 - Level 4.0 Armour
 - Level 10.8 Dodging
 - Level 1.3 Stealth
 * Level 7.9 Spellcasting
 + Level 5.6 Hexes
 + Level 5.6 Fire Magic
 - Level 5.0 Ice Magic
 - Level 6.0 Invocations
 - Level 6.0 Evocations


You had 21 spell levels left.
You knew the following spells:

 Your Spells              Type           Power      Damage    Failure   Level
a - Frozen Ramparts       Ice            30%        1d5       3%          3
b - Inner Flame           Hex/Fire       25%        N/A       2%          3

Your spell library contained the following spells:

 Spells                   Type           Power      Damage    Failure   Level
 Freeze                   Ice            60%        1d7       1%          1
 Ensorcelled Hibernation  Hex/Ice        32%        N/A       1%          2
 Foxfire                  Conj/Fire      60%        2x1d7     2%          1
 Tukima's Dance           Hex            16%        N/A       2%          3
 Apportation              Tloc           8%         N/A       9%          1
 Necrotise                Necr           16%        1d4       9%          1
 Shock                    Conj/Air       16%        1d4       9%          1
 Summon Small Mammal      Summ           16%        N/A       9%          1
 Cause Fear               Hex            8%         N/A       9%          4
 Hailstorm                Conj/Ice       9%         3d4       10%         3
 Cigotuvi's Dreadful Rot  Necr/Pois/Air  8%         N/A       14%         2
 Lesser Beckoning         Tloc           8%         N/A       14%         2
 Poisonous Vapours        Pois/Air       8%         N/A       14%         2
 Static Discharge         Conj/Air       8%         2-3/arc   14%         2
 Gell's Gravitas          Tloc           4%         N/A       26%         3
 Mephitic Cloud           Conj/Pois/Air  4%         N/A       26%         3
 Spider Form              Tmut/Pois      4%         N/A       26%         3
 Swiftness                Air            4%         N/A       26%         3
 Teleport Other           Tloc           4%         N/A       26%         3
 Vhi's Electric Charge    Tloc/Air       8%         N/A       26%         3
 Anguish                  Hex/Necr       5%         N/A       26%         4
 Fireball                 Conj/Fire      7%         3d5       56%         5
 Yara's Violent Unravell  Hex/Tmut       5%         3d4       58%         5
 Airstrike                Air            2%         2d(1-17)  63%         4
 Dispel Undead            Necr           4%         3d7       63%         4
 Passage of Golubria      Tloc           4%         N/A       63%         4
 Arcjolt                  Conj/Air       2%         1d12      91%         5
 Lightning Bolt           Conj/Air       2%         1d13      91%         5
 Starburst                Conj/Fire      7%         6d4       98%         6
 Death Channel            Necr           2%         N/A       100%        6
 Discord                  Hex            8%         N/A       100%        8


Dungeon Overview and Level Annotations

Branches:
Dungeon (9/15)             Temple (1/1) D:4            Lair (4/5) D:8
  Swamp (0/4) Lair:3       Spider (0/4) Lair:3          Orc (0/2) D:9
  Sewer (visited)
  Slime: Lair:4-5

Altars:
Ashenzari
Cheibriados
Dithmenos
Fedhas
Gozag
Hepliaklqana
Kikubaaqudgha
Okawaru
Qazlal
Sif Muna
Uskayaw
Vehumet
Wu Jian
Xom
Yredelemnul
Zin
The Shining One

Shops:
D:5 [


Innate Abilities, Weirdness & Mutations

Your life essence is reduced to manifest your ancestor. (-10% HP)
You are small and have problems with some larger weapons.
You are completely attuned to the shadows.


Message History

You are slowing down.
The wall freezes the catoblepas but does no damage.
The catoblepas gores you!
The death yak gores Appius!
Unknown command.
Your frozen ramparts will break if you move.
Continue?
Okay, then.
Your frozen ramparts will break if you move.
Continue?
The frozen ramparts melt away as you move.
The catoblepas gores you!!
Appius hits the catoblepas with a +0 flail!
The death yak gores Appius!
Your limbs are stiffening.
You shoot an arrow. The arrow barely misses the catoblepas.
Appius avoids your attack. The catoblepas barely misses you.
The death yak gores Appius but does no damage.
You have turned to stone.
Appius hits the catoblepas with a +0 flail.
The catoblepas gores you!
Appius blocks the death yak's attack.
The catoblepas gores you.
Appius hits the catoblepas with a +0 flail.
The death yak gores Appius!
Appius is destroyed!
The catoblepas gores you!!
The catoblepas breathes a plume of calcifying dust at you.
The blast of calcifying dust hits you but does no damage.
You are engulfed in calcifying dust.
The death yak gores you!
The catoblepas gores you but does no damage.
You are engulfed in calcifying dust.
The catoblepas gores you!!
* * * LOW HITPOINT WARNING * * *
The death yak gores you but does no damage.
You are engulfed in calcifying dust.
The death yak gores you!
* * * LOW HITPOINT WARNING * * *
The catoblepas gores you!!
* * * LOW HITPOINT WARNING * * *
You are engulfed in calcifying dust.
The catoblepas breathes a plume of calcifying dust at you.
The blast of calcifying dust hits you.
* * * LOW HITPOINT WARNING * * *
The death yak gores you but does no damage.
The death yak gores you!
You die...

#............## #
##............### ###
####.#.....#...### ##P.
#...#......#...#######...
##..#...####.....##.##..#
#P..######........#R..##
##.######............##
##.##.Y....P##>.†..###
##.....Y@§§§##..†####
#......##........#.## ###
...#....###......##..###..
.......## #.#.#.>.###.....
...#.... ##........##..#.
.#....## ##....8....##...
(.....###....##.. #...###
###...##.
...#####.###...#.


You could see a death yak and a catoblepas.

Vanquished Creatures
  Erolcha (D:9)
  Harold (D:9)
  2 centaur warriors (D:9)
  A two-headed ogre (D:9)
  4 death yaks
  A skyshark (Lair:3)
  A will-o-the-wisp (Lair:3)
  2 black mambas
  A gargoyle (D:8)
  8 cane toads
  A kobold demonologist (D:9)
  A rime drake (Lair:3)
  4 komodo dragons
  2 polar bears
  A queen bee (shapeshifter) (D:9)
  Prince Ribbit (D:6)
  A hornet (D:9)
  A tarantella (Lair:3)
  14 dream sheep
  A wyvern (D:9)
  29 yaks
  Menkaure (D:7)
  A steam dragon (D:7)
  A vampire mosquito (D:9)
  2 wargs (D:9)
  An acid dragon (D:8)
  6 water moccasins
  Pargi (Sewer)
  2 orc warriors
  A black bear (D:5)
  3 wolves (Lair:3)
  2 centaurs
  5 kobold brigands
  10 bullfrogs
  A gnoll sergeant (D:9)
  4 scorpions
  9 wights
  10 killer bees (D:9)
  3 howler monkeys
  4 hounds
  2 jellies
  A gnoll bouda (D:9)
  3 orc priests
  2 sleepcaps
  An iguana (D:7)
  5 orc wizards
  10 gnolls
  A river rat (D:4)
  6 adders
  A shadow imp (D:6)
  3 ufetubi
  2 worms (D:4)
  3 dart slugs
  14 orcs
  9 ball pythons
  8 endoplasms
  2 giant cockroaches
  12 goblins
  10 hobgoblins
  6 jackals (D:1)
  A quokka (D:2)
  6 bats
  6 frilled lizards
  22 kobolds
  4 rats
285 creatures vanquished.

Vanquished Creatures (collateral kills)
  2 cane toads (Lair:3)
  5 yaks
  A wyvern (Lair:3)
  A warg (D:9)
  3 water moccasins
  3 wolves (Lair:3)
  2 kobold brigands (D:9)
  3 bullfrogs
  A howler monkey (D:8)
  An orc priest (D:9)
  An orc wizard (D:6)
  A gnoll (D:9)
  2 orcs
  6 kobolds
32 creatures vanquished.

Vanquished Creatures (others)
  An orc wizard (D:7)
  6 knights
  An orc (D:7)
  4 foxfires (Lair:3)
  6 fungi
  21 plants
39 creatures vanquished.

Grand Total: 356 creatures vanquished

Notes
Turn   | Place    | Note
-------+----------+-------------------------------------------
     0 | D:1      | Newt the Kobold Hunter began the quest for the Orb.
     0 | D:1      | Reached XP level 1. HP: 12/12 MP: 1/1
   148 | D:1      | Reached XP level 2. HP: 15/18 MP: 2/2
   489 | D:1      | Reached XP level 3. HP: 23/23 MP: 3/3
   777 | D:2      | Reached XP level 4. HP: 30/30 MP: 4/4
  1568 | D:3      | Reached skill level 5 in Fighting
  1738 | D:3      | Reached XP level 5. HP: 35/35 MP: 5/5
  1983 | D:4      | Reached skill level 6 in Ranged Weapons
  2065 | D:4      | Found a shadowy altar of Dithmenos.
  2079 | D:4      | Reached skill level 7 in Ranged Weapons
  2079 | D:4      | Reached XP level 6. HP: 39/40 MP: 6/6
  2146 | D:4      | Found an ancient bone altar of Kikubaaqudgha.
  2146 | D:4      | Found an ornate altar of the Wu Jian Council.
  2191 | D:4      | Found a glowing drain.
  2201 | Sewer    | Entered a sewer
  2224 | Sewer    | Noticed Pargi
  2260 | Sewer    | Killed Pargi
  2261 | Sewer    | Reached skill level 8 in Ranged Weapons
  2539 | D:4      | Found a staircase to the Ecumenical Temple.
  2551 | D:4      | Reached skill level 13 in Ranged Weapons
  2551 | D:4      | Reached skill level 10 in Dodging
  2551 | D:4      | Reached XP level 7. HP: 44/44 MP: 7/7
  2560 | Temple   | Entered the Ecumenical Temple
  2720 | Temple   | Became a worshipper of Hepliaklqana the Forgotten
  3225 | D:5      | Entered Level 5 of the Dungeon
  3351 | D:5      | Reached skill level 14 in Ranged Weapons
  3351 | D:5      | Reached skill level 1 in Armour
  3351 | D:5      | Reached XP level 8. HP: 49/49 MP: 8/8
  3477 | D:5      | Identified the +0 robe "Fequt" {rElec rPois rN+}
  3765 | D:5      | Found a hide-covered altar of Uskayaw.
  3819 | D:5      | Found Gawain's Dragon-Slaying Spoils.
  4436 | D:6      | Reached * piety under Hepliaklqana
  4505 | D:6      | Noticed Prince Ribbit
  4512 | D:6      | Killed Prince Ribbit
  4525 | D:6      | Reached XP level 9. HP: 48/48 MP: 9/9
  4678 | D:6      | Found a blossoming altar of Fedhas.
  5132 | D:7      | Reached skill level 1 in Evocations
  5294 | D:7      | Identified a scroll of acquirement
  5296 | D:7      | Acquired the +2 pair of gloves of Miracles {-Tele rF+
                  | Dex+6}
  5594 | D:7      | Noticed Menkaure
  5601 | D:7      | Killed Menkaure
  5634 | D:7      | Reached ** piety under Hepliaklqana
  5635 | D:7      | Remembered your ancestor Appius as a knight
  5746 | D:8      | Reached skill level 5 in Evocations
  5840 | D:8      | Reached XP level 10. HP: 52/53 MP: 10/10
  5888 | D:8      | Reached skill level 1 in Invocations
  5918 | D:8      | Noticed a gargoyle
  5921 | D:8      | Killed a gargoyle
  6172 | D:8      | Identified the +8 chain mail "Bisty" {Will+}
  6288 | D:8      | Found a staircase to the Lair.
  6291 | D:8      | Noticed a komodo dragon
  6327 | D:8      | Killed a komodo dragon
  6328 | D:8      | Reached skill level 5 in Invocations
  6694 | D:9      | Noticed a two-headed ogre
  6700 | D:9      | Noticed a kobold demonologist
  6706 | D:9      | Killed a two-headed ogre
  6707 | D:9      | Reached XP level 11. HP: 58/60 MP: 15/15
  6769 | D:9      | Noticed a centaur warrior
  6770 | D:9      | Noticed a centaur warrior
  6782 | D:9      | Killed a centaur warrior
  6791 | D:9      | Killed a centaur warrior
  6816 | D:9      | Identified the +2 robe "Trusted Companion" {Regen+}
  6942 | D:9      | Found a shimmering altar of Xom.
  6942 | D:9      | Found a broken altar of Ashenzari.
  6944 | D:9      | Found a hide-covered altar of Uskayaw.
  6952 | D:9      | Noticed Erolcha
  6966 | D:9      | Killed Erolcha
  7008 | D:9      | Reached skill level 15 in Ranged Weapons
  7080 | D:9      | Reached *** piety under Hepliaklqana
  7140 | D:9      | Noticed Harold
  7150 | D:9      | Killed Harold
  7299 | D:9      | Found a shimmering altar of Xom.
  7487 | D:9      | Acquired the +2 pair of boots of Ykovve Zunu {Dex+2}
  7494 | D:9      | Found a staircase to the Orcish Mines.
  7536 | D:9      | Reached skill level 16 in Ranged Weapons
  7701 | Lair:1   | Entered Level 1 of the Lair of Beasts
  7762 | Lair:1   | Reached skill level 1 in Spellcasting
  7762 | Lair:1   | Reached skill level 1 in Ice Magic
  7766 | Lair:1   | Reached XP level 12. HP: 68/68 MP: 16/16
  7841 | Lair:1   | You fall into a shaft and drop 1 floor!
  8103 | Lair:2   | Learned a level 3 spell: Frozen Ramparts
  8387 | Lair:2   | Reached **** piety under Hepliaklqana
  8491 | Lair:2   | Noticed a death yak
  8491 | Lair:2   | Noticed a death yak
  8492 | Lair:2   | Noticed a death yak
  8502 | Lair:2   | Killed a death yak
  8515 | Lair:2   | Killed a death yak
  8530 | Lair:2   | Killed a death yak
  8911 | Lair:1   | Reached skill level 5 in Spellcasting
  8911 | Lair:1   | Reached skill level 5 in Ice Magic
  8936 | Lair:1   | Learned a level 3 spell: Inner Flame
  9123 | Lair:1   | Reached skill level 1 in Hexes
  9123 | Lair:1   | Reached skill level 1 in Fire Magic
  9439 | Lair:1   | Reached ***** piety under Hepliaklqana
  9746 | Lair:3   | Noticed a skyshark
  9758 | Lair:3   | Killed a skyshark
  9900 | Lair:3   | Reached XP level 13. HP: 72/72 MP: 22/22
 10293 | Lair:3   | Found a staircase to the Swamp.
 10375 | Lair:3   | Found a hole to the Spider Nest.
 10638 | Lair:3   | Reached skill level 5 in Hexes
 10638 | Lair:3   | Reached skill level 5 in Fire Magic
 11447 | Lair:4   | Noticed a catoblepas
 11461 | Lair:4   | HP: 3/72 [catoblepas (9)]
 11463 | Lair:4   | Slain by a death yak

Illustrated notes

Levels and vault maps discovered:
D:1:      tarquinn_simple_flora_water_f, layout_loops_ring
D:2:      minmay_door_path, layout_rooms, minmay_tiny_reverse_x
D:3:      layout_rooms
D:4:      layout_cave_pools, gammafunk_temple_overflow_forgotten,
          minmay_temple_entry_butterflies, cheibrodos_sewer_entry_sluice,
          serial_rivers, chequers_serial_rivers_large_b,
          chequers_serial_rivers_small_3, chequers_serial_rivers_small_b,
          chequers_serial_rivers_small_a
D:5:      wad_pebble_path, layout_loops_ring, nicolae_uskayaw_suspiria,
          nicolae_shop_dragon_depot
D:6:      layout_basic, fedhas_ov_isle_minmay, uniq_prince_ribbit1
D:7:      cheibrodos_iron_armory, layout_basic, uniq_menkaure
D:8:      layout_basic, david_lair_shrubbed
D:9:      minmay_the_grid_octo_tiled_squarecenter
          [minmay_the_grid_octo_concentric, minmay_the_grid_octo_shrine,
          minmay_the_grid_octo_clover, minmay_the_grid_octo_teeth,
          minmay_the_grid_square_5x5_megaprize_hollow,
          minmay_the_grid_square_5x5_fancy_junction,
          minmay_the_grid_square_5x5_three_small,
          minmay_the_grid_square_5x5_eight,
          minmay_the_grid_square_5x5_doubleslash], layout_gridville,
          minmay_orc_entry_guard_dogs, serial_park_tiny_1, uniq_erolcha,
          uniq_harold
Temple:   bh_familiar_temple
Lair:1:   layout_regular_city, serial_bayou_pond_a, serial_bayou_crossing
Lair:2:   layout_regular_city
Lair:3:   layout_chaotic_city, minmay_swamp_entry_wisps,
          spider_nest_entry_rubble, grunt_megastairs_2
Lair:4:   layout_misc_corridors, beast_lair_carwin_7, grunt_megastairs_5

Skill      XL: |  1  2  3  4  5  6  7  8  9 10 11 12 13 |
---------------+----------------------------------------+-----
Fighting       | 3 4 5 7 9 |  9.0
Ranged Weapons | 7 13 14 16 | 16.0
Dodging        | 10 | 10.8
Armour         | 1 3 4 |  4.0
Evocations     | 5 6 |  6.0
Invocations    | 6 |  6.0
Spellcasting   | 1 6 7 |  7.9
Ice Magic      | 1 5 |  5.0
Hexes          | 3 5 |  5.6
Fire Magic     | 3 5 |  5.6
Stealth        | |  1.3

Action                     |  1- 3 |  4- 6 |  7- 9 | 10-12 | 13-15 || total
---------------------------+-------+-------+-------+-------+-------++-------
   Fire: Shortbow          |    75 |   157 |   169 |   426 |   129 ||   956
   Cast: Inner Flame       |       |       |       |     6 |     8 ||    14
         Frozen Ramparts   |       |       |       |     6 |     2 ||     8
 Invoke: Ancestor Life: Kn |       |       |     1 |       |       ||     1
         Recall Ancestor   |       |       |       |     2 |     1 ||     3
  Evoke: Wand              |       |     4 |       |     1 |       ||     5
    Use: Scroll            |     4 |    13 |     5 |     6 |     4 ||    32
         Potion            |       |     6 |       |       |     3 ||     9
 Armour: Leather armour    |    15 |    45 |       |       |       ||    60
         Troll leather arm |       |     9 |    12 |    25 |    20 ||    66
  Dodge: Dodged            |    31 |   120 |    61 |   170 |    66 ||   448

Table legend: (Time is in decaauts)
 A = Elapsed time spent in this place.
 B = Non-inter-level travel time spent in this place.
 C = Inter-level travel time spent in this place.
 D = Time resting spent in this place.
 E = Time spent auto-exploring this place.
 F = Levels seen in this place.
 G = Mean time per level.
                   A        B        C        D        E       F      G
               +--------+--------+--------+--------+--------+-----+--------+
         Total |  11472 |  11087 |    385 |    555 |   8838 |  15 |  764.8 |
       Dungeon |   7284 |   7056 |    228 |      0 |   5892 |   9 |  809.3 |
        Temple |    171 |    141 |     30 |      0 |    133 |   1 |  171.0 |
          Lair |   3692 |   3566 |    126 |    555 |   2576 |   4 |  923.0 |
         Sewer |    323 |    323 |      0 |      0 |    236 |   1 |  323.0 |
               +--------+--------+--------+--------+--------+-----+--------+

Top non-repeatable levels by time:
  Lair:3: 1491 daAuts
     D:9: 1271 daAuts
  Lair:2: 1013 daAuts
     D:6: 921 daAuts
     D:4: 900 daAuts
  Lair:1: 892 daAuts
     D:5: 889 daAuts
     D:2: 758 daAuts
     D:1: 750 daAuts
     D:7: 673 daAuts
     D:8: 656 daAuts
     D:3: 462 daAuts
   Sewer: 323 daAuts
  Lair:4: 295 daAuts
  Temple: 171 daAuts
